Map: Ever Dream LE

Players

DisK - Winner!

  • Race: Protoss Protoss
  • League: Grandmaster
  • Spawn Location: 7:00

Cuddlebear

  • Race: Terran Terran
  • League: Master
  • Spawn Location: 1:00

Event: DreamHack SC2 Masters 2020 Fall

VOD

Have the link to the VOD?

Description

Time

  • Played on: Sept. 1, 2020, 4:51 p.m.
  • Length: 7:54

All games in this series

Show
View Real Time Build Order
Export as new Build Order

DisK Protoss - Winner!

Build Orders: 1 Gate Expand 

Get SALT Encoding   

  12  0:00  Probe  
  13  0:12  Probe  
  14  0:17  Pylon  
  14  0:24  Probe  
  15  0:36  Gateway, Probe (Chrono Boost)  
  16  0:46  Assimilator, Probe (Chrono Boost)  
  17  0:51  Probe (Chrono Boost)  
  18  1:03  Probe  
  19  1:15  Probe  
  20  1:23  Cybernetics Core  
  20  1:32  Nexus  
  20  1:39  Pylon  
  20  1:42  Probe  
  21  1:47  Assimilator  
  22  1:54  Probe  
  22  1:57  Adept (Chrono Boost)  
  24  2:01  Warp Gate  
  24  2:06  Probe  
  25  2:17  Stalker (Chrono Boost)  
  25  2:18  Probe  
  27  2:30  Probe  
  28  2:39  Stalker  
  28  2:42  Probe  
  31  2:51  Gateway  
  31  2:53  Robotics Facility  
  31  2:57  Probe (Chrono Boost)  
  31  2:58  Probe (Chrono Boost)  
  33  3:09  Probe (Chrono Boost)  
  33  3:11  Probe (Chrono Boost)  
  35  3:14  Probe (Chrono Boost)  
  35  3:17  Pylon  
  35  3:18  Probe  
  37  3:24  Probe  
  37  3:25  Gateway  
  38  3:31  Probe  
  38  3:32  Shield Battery  
  39  3:36  Probe  
  40  3:41  Immortal (Chrono Boost)  
  40  3:43  Probe  
  45  3:54  Stalker  
  39  4:13  Stalker  
  39  4:17  Stalker  
  39  4:18  Probe (Chrono Boost)  
  39  4:21  Probe (Chrono Boost)  
  43  4:26  Observer  
  43  4:27  Probe (Chrono Boost)  
  43  4:29  Probe (Chrono Boost)  
  46  4:32  Probe (Chrono Boost)  
  46  4:35  Probe, Pylon  
  48  4:44  Probe  
  49  4:47  Probe  
  48  4:56  Probe  
  49  5:04  Stalker x3  
  51  5:07  Immortal (Chrono Boost)  
  51  5:08  Shield Battery  
  55  5:14  Shield Battery  
  55  5:16  Probe x2  
  57  5:23  Shield Battery  
  57  5:32  Stalker x2  
  61  5:41  Probe  
  62  5:43  Assimilator  
  62  5:46  Pylon  
  62  5:52  Pylon  
  62  5:57  Observer  
  62  6:03  Gateway  
  62  6:05  Gateway  
  62  6:06  Gateway  
  62  6:07  Zealot x3  
  68  6:13  Immortal (Chrono Boost)  
  68  6:17  Observer  
  58  6:33  Stalker  
  58  6:34  Stalker x2  
  62  6:42  Immortal (Chrono Boost)  
  66  6:57  Pylon  
  66  6:59  Zealot x3, Stalker  
  66  7:01  Sentry  
  76  7:05  Stalker  
  74  7:25  Zealot x4  
  74  7:29  Sentry x2  
  86  7:30  Observer  
  66  7:46  Stalker  
  66  7:47  Stalker x3  
Show
View Real Time Build Order
Export as new Build Order

Cuddlebear Terran 

Build Orders:  

Get SALT Encoding   

  12  0:00  SCV  
  13  0:12  SCV  
  14  0:18  Supply Depot  
  14  0:25  SCV  
  15  0:33  Refinery  
  15  0:40  SCV  
  16  0:44  Barracks  
  16  0:52  SCV  
  17  0:57  Refinery  
  17  1:04  SCV  
  18  1:16  SCV  
  20  1:34  Orbital Command, Reaper  
  20  1:37  Factory  
  20  1:46  Supply Depot  
  20  1:59  SCV  
  21  2:07  Reaper  
  22  2:12  SCV  
  23  2:22  Hellion  
  25  2:24  SCV  
  26  2:31  Command Center  
  26  2:36  SCV  
  27  2:40  Supply Depot  
  27  2:42  Reaper  
  28  2:46  Hellion  
  28  2:49  SCV  
  31  2:57  Starport  
  31  3:01  SCV  
  32  3:09  Factory Tech Lab  
  32  3:15  SCV, Barracks Reactor  
  32  3:17  Supply Depot  
  33  3:29  Siege Tank  
  36  3:35  Barracks  
  36  3:38  Barracks  
  36  3:43  Orbital Command  
  36  3:50  Starport Tech Lab  
  34  4:08  Marine x2  
  34  4:09  Banshee, Siege Tank  
  37  4:21  Supply Depot  
  37  4:24  Marine  
  37  4:26  SCV x2, Marine x2  
  37  4:27  Marine  
  43  4:41  Siege Tank  
  43  4:42  Marine  
  43  4:43  SCV, Marine  
  43  4:44  Marine  
  43  4:45  Marine  
  51  4:54  Banshee  
  51  4:59  Marine  
  54  5:01  Marine x2  
  54  5:03  Marine  
  53  5:16  Siege Tank  
  53  5:17  Marine  
  53  5:19  Marine x2  
  53  5:21  Marine  
  60  5:33  Supply Depot  
  60  5:35  Marine  
  61  5:37  Marine x2  
  61  5:39  Marine  
  60  5:53  Marine  
  60  5:55  Siege Tank  
  60  5:57  Supply Depot  
  62  5:58  Marine x2  
  63  6:08  Marine  
  64  6:15  Marine  
  64  6:16  Marine  
  66  6:18  Banshee  
  66  6:19  Marine  
  70  6:26  Marine  
  70  6:27  Siege Tank  
  67  6:34  Marine  
  67  6:37  Marine  
  67  6:39  Marine  
  70  6:44  Marine  
  71  6:52  Marine  
  72  6:55  SCV x2  
  72  6:59  Siege Tank, Marine  
  72  7:00  Supply Depot  
  78  7:09  Supply Depot  
  78  7:11  SCV, Marine  
  76  7:22  Marine x2  
  71  7:25  Marine  
  71  7:29  Marine  

Tags
 
Add a new tag
Caveats
  • Supply blocks, unpowered buildings, or Contaminate may cause inaccurate times.
  • Supply counts are checked every 10 seconds.